Map: Cyber Forest LE

Players

Takker - Winner!

  • Race: Protoss Protoss
  • League: Silver
  • Spawn Location: 11:00

SneakyPrawn

  • Race: Protoss Protoss
  • League: Bronze
  • Spawn Location: 5:00

VOD

Have the link to the VOD?

Description

Time

  • Played on: May 26, 2019, 8:09 p.m.
  • Length: 15:45
Show
View Real Time Build Order
Export as new Build Order

Takker Protoss - Winner!

Build Orders:  

Get SALT Encoding   

  12  0:00  Probe  
  13  0:09  Probe  
  14  0:23  Pylon  
  14  0:34  Assimilator  
  14  0:47  Gateway  
  14  0:50  Probe  
  15  1:02  Probe  
  16  1:14  Probe  
  16  1:16  Assimilator  
  17  1:22  Pylon  
  17  1:27  Pylon  
  17  1:34  Forge  
  17  1:44  Probe  
  17  1:45  Zealot, Cybernetics Core  
  20  1:56  Probe  
  21  2:08  Probe  
  22  2:12  Zealot  
  22  2:20  Probe  
  25  2:27  Pylon  
  25  2:28  Probe  
  26  2:41  Nexus  
  26  2:55  Photon Cannon  
  26  2:57  Assimilator  
  26  3:00  Probe  
  27  3:08  Zealot  
  27  3:12  Probe  
  30  3:19  Gateway  
  30  3:20  Warp Gate  
  30  3:28  Probe  
  30  3:30  Zealot  
  31  3:40  Probe  
  34  3:52  Probe  
  34  3:53  Probe  
  36  4:04  Probe  
  36  4:05  Sentry  
  36  4:06  Probe  
  36  4:08  Stalker  
  42  4:18  Probe  
  42  4:30  Probe  
  43  4:31  Sentry  
  43  4:36  Robotics Facility  
  45  4:38  Stalker  
  45  4:42  Probe  
  48  4:47  Probe  
  49  4:54  Probe  
  49  4:59  Probe  
  51  5:05  Nexus  
  51  5:06  Probe, Pylon  
  52  5:10  Pylon  
  52  5:18  Probe  
  53  5:30  Probe  
  54  5:42  Gateway  
  54  5:43  Gateway  
  54  5:46  Pylon  
  54  5:49  Pylon  
  54  5:52  Immortal  
  58  6:05  Assimilator  
  58  6:06  Probe  
  58  6:09  Assimilator  
  60  6:18  Probe  
  60  6:19  Assimilator  
  60  6:23  Stalker  
  60  6:24  Stalker  
  64  6:30  Probe x2  
  64  6:31  Immortal  
  70  6:38  Probe  
  70  6:42  Probe  
  70  6:46  Probe  
  73  6:54  Probe  
  73  6:56  Stalker  
  73  6:57  Stalker x3  
  73  6:58  Probe  
  83  7:06  Probe  
  83  7:10  Observer, Probe  
  85  7:19  Probe  
  85  7:22  Probe  
  87  7:26  Pylon  
  87  7:28  Pylon  
  87  7:32  Observer  
  87  7:33  Pylon  
  87  7:34  Zealot, Probe  
  87  7:35  Zealot x2  
  95  7:38  Pylon  
  95  7:46  Probe  
  95  7:49  Observer  
  96  7:55  Probe  
  96  7:56  Probe  
  96  7:57  Probe  
  99  8:00  Pylon  
  99  8:02  Pylon  
  99  8:04  Immortal  
  99  8:05  Pylon  
  100  8:08  Pylon  
  104  8:14  Pylon  
  104  8:16  Sentry x3  
  104  8:18  Stalker  
  112  8:41  Stalker x4  
  114  8:47  Robotics Bay  
  120  8:50  Stargate  
  120  8:51  Stargate  
  119  9:24  Immortal  
  123  9:28  Stalker  
  123  9:29  Stalker x3  
  131  9:36  Pylon  
  131  9:50  Pylon  
  109  10:03  Immortal  
  101  10:30  Stalker  
  101  10:31  Stalker x3  
  104  11:18  Stalker  
  104  11:19  Stalker x3  
  108  11:45  Stalker x2  
  112  11:48  Pylon  
  112  11:50  Pylon  
  112  11:58  Pylon  
  112  12:01  Void Ray x2  
  120  12:11  Immortal  
  124  12:17  Stalker x2  
  128  12:29  Probe  
  129  12:44  Void Ray x2  
  129  12:46  Stalker x4  
  129  12:50  Immortal  
  149  12:54  Pylon  
  149  12:57  Pylon  
  147  13:04  Pylon  
  147  13:05  Pylon  
  147  13:12  Adept x3  
  151  13:13  Adept  
  155  13:27  Void Ray x2  
  155  13:29  Immortal  
  167  13:42  Nexus  
  167  13:45  Pylon  
  167  13:48  Pylon  
  167  13:52  Pylon  
  167  13:53  Stalker x4  
  175  14:08  Immortal  
  179  14:10  Nexus, Void Ray x2  
  179  14:12  Pylon  
  179  14:15  Pylon  
  187  14:20  Pylon  
  181  14:47  Immortal  
  161  15:18  Stalker x4  
Show
View Real Time Build Order
Export as new Build Order

SneakyPrawn Protoss 

Build Orders: Zealot Archon 

Get SALT Encoding   

  1  0:00  Probe  
  13  0:07  Probe  
  14  0:16  Probe  
  15  0:26  Pylon  
  15  0:30  Assimilator  
  15  0:44  Probe  
  16  0:53  Gateway  
  16  0:56  Probe  
  17  1:02  Forge  
  17  1:08  Probe  
  17  1:09  Assimilator  
  18  1:18  Pylon  
  18  1:26  Gateway  
  18  1:37  Probe  
  19  1:45  Probe  
  19  1:48  Zealot  
  19  1:54  Probe  
  23  2:02  Cybernetics Core  
  23  2:06  Probe  
  24  2:18  Zealot, Protoss Ground Weapons Level 1  
  26  2:40  Stalker  
  28  2:45  Stalker  
  28  2:50  Pylon  
  30  2:56  Twilight Council  
  30  3:07  Pylon  
  30  3:12  Probe  
  31  3:16  Stalker  
  33  3:22  Stalker  
  35  3:34  Templar Archives  
  35  3:49  Pylon  
  35  4:08  Nexus  
  35  4:18  Warp Gate  
  35  4:27  Gateway  
  35  4:30  Gateway  
  35  4:46  Photon Cannon  
  35  4:50  Assimilator  
  35  4:52  Assimilator  
  35  4:56  High Templar  
  35  4:58  High Templar  
  39  5:18  Probe  
  39  5:26  Probe  
  40  5:33  Stargate  
  41  5:35  Probe  
  42  5:51  Photon Cannon  
  42  6:05  Archon  
  42  6:10  High Templar  
  42  6:11  High Templar  
  46  6:15  Probe  
  47  6:23  Archon  
  47  6:28  Probe  
  48  6:40  Probe  
  48  6:45  High Templar  
  48  6:46  High Templar  
  53  6:48  Probe  
  54  6:55  Archon  
  54  6:56  Probe  
  55  7:06  Probe  
  54  7:18  Probe  
  55  7:29  Nexus  
  55  7:30  Probe  
  55  7:33  Assimilator  
  56  7:38  Assimilator  
  56  7:42  Probe, Pylon  
  57  7:46  High Templar  
  57  7:47  High Templar x3  
  65  7:52  Archon  
  65  7:53  Archon  
  65  7:54  Probe  
  66  8:00  Void Ray  
  70  8:08  Robotics Facility  
  70  8:12  Probe  
  71  8:20  Probe  
  71  8:26  Photon Cannon  
  72  8:30  Probe  
  73  8:36  Nexus  
  73  8:38  Pylon  
  73  8:41  Assimilator  
  73  8:42  Probe  
  73  8:43  Assimilator  
  73  8:45  Probe  
  74  8:53  Probe  
  74  8:54  Probe  
  77  9:03  Probe  
  77  9:04  Immortal  
  77  9:06  Probe, Void Ray  
  87  9:15  Probe  
  88  9:18  Probe  
  88  9:19  Pylon  
  88  9:21  Pylon  
  89  9:27  Probe  
  89  9:30  Probe  
  91  9:39  Probe  
  91  9:42  Probe  
  93  9:49  Void Ray  
  93  9:51  Probe  
  80  10:03  Probe  
  80  10:07  Stalker x3  
  73  10:08  Stalker  
  62  10:23  Photon Cannon  
  62  10:28  Photon Cannon  
  54  10:34  Pylon  
  42  10:37  Photon Cannon  
  42  10:38  Photon Cannon  
  42  10:50  Stalker  
  42  10:51  Stalker x2  
  42  10:52  Stalker  
  40  11:20  Stalker  
  40  11:21  Stalker x2  
  42  11:41  Probe  
  42  11:46  Probe  
  43  11:49  Probe  
  43  11:54  Probe  
  45  11:55  Stalker x2  
  45  11:56  Stalker  
  45  11:58  Probe  
  53  12:03  Stalker, Probe  
  56  12:10  Probe  
  57  12:15  Probe  
  58  12:23  Probe  
  58  12:28  Probe  
  60  12:48  Stalker  
  60  12:49  Stalker x3  
  68  12:55  Void Ray  
  68  13:06  Protoss Ground Armor Level 1  
  72  13:17  Immortal  
  76  13:26  Charge  
  76  13:28  Void Ray  
  76  13:29  Zealot x3  
  76  13:31  Zealot  
  88  13:48  Probe  
  88  13:53  Probe  
  89  13:56  Probe  
  89  14:01  Probe, Void Ray  
  91  14:05  Probe  
  97  14:18  Probe  
  94  14:34  Zealot x2  
  94  14:35  Zealot  
  100  14:38  Zealot  
  100  14:44  Void Ray  
  53  15:19  Stalker x2  
Tags
 
Composition
Zealot Archon
Matchup
PvP
Replay Pack
Up to May 28th
Spawn Locations
Cross Positions
Add a new tag
Caveats
  • Supply blocks, unpowered buildings, or Contaminate may cause inaccurate times.
  • Supply counts are checked every 10 seconds.